Map: Pylon LE

Players

ManlyManMeat

  • Race: Zerg Zerg
  • League: Diamond
  • Spawn Location: 5:00

VOD

Have the link to the VOD?

Description

Time

  • Played on: July 6, 2025, 10:46 a.m.
  • Length: 26:10
Show
View Real Time Build Order
Export as new Build Order

ManlyManMeat Zerg 

Build Orders:  

Get SALT Encoding   

  12  0:00  Drone  
  13  0:11  Drone  
  13  0:19  Extractor  
  13  0:21  Drone  
  15  0:31  Overlord  
  15  0:57  Drone  
  16  1:05  Hatchery  
  15  1:10  Drone  
  15  1:16  Drone  
  17  1:21  Drone  
  18  1:35  Extractor  
  17  1:45  Spawning Pool  
  17  1:49  Drone  
  17  1:54  Drone  
  18  2:00  Drone  
  19  2:21  Drone  
  20  2:52  Zergling x2, Queen x2  
  20  2:53  Zergling x2  
  20  2:55  Overlord  
  26  3:13  Drone x2  
  28  3:21  Overlord  
  28  3:36  Drone x3  
  31  3:56  Metabolic Boost  
  31  3:59  Hatchery  
  30  4:03  Queen  
  30  4:09  Drone x2  
  34  4:12  Drone  
  34  4:18  Drone x2  
  37  4:22  Drone  
  38  4:40  Drone x4  
  38  4:41  Drone  
  43  4:54  Overlord  
  43  5:06  Overlord  
  43  5:09  Overlord  
  43  5:26  Drone, Extractor  
  43  5:27  Drone x2  
  43  5:28  Baneling Nest  
  43  5:29  Drone  
  45  5:37  Drone x2  
  47  5:42  Queen  
  47  5:43  Queen  
  47  5:44  Overlord x2  
  51  6:18  Drone, Evolution Chamber  
  51  6:19  Drone x2, Extractor x2  
  50  6:20  Drone  
  50  6:29  Hatchery  
  50  6:33  Lair  
  50  6:44  Queen  
  50  6:45  Queen  
  54  6:51  Drone x3  
  54  6:52  Drone x3  
  54  6:56  Zerg Melee Weapons Level 1  
  60  7:05  Evolution Chamber  
  59  7:27  Centrifugal Hooks  
  59  7:32  Overlord x3  
  59  7:43  Infestation Pit  
  59  7:44  Drone x2  
  59  7:45  Drone x4  
  59  7:46  Drone x4  
  59  7:47  Drone  
  69  7:50  Extractor  
  69  7:51  Zergling x2  
  69  7:52  Extractor  
  68  8:21  Zergling x10  
  68  8:22  Zergling x10  
  68  8:28  Drone x7  
  85  8:38  Zerg Ground Armor Level 1  
  85  8:43  Zergling x10  
  90  8:59  Queen x2  
  94  9:04  Baneling  
  94  9:05  Baneling x7  
  94  9:27  Zergling x2  
  94  9:28  Zergling x6  
  94  9:29  Overlord x3  
  98  9:30  Overlord x2  
  98  9:40  Zergling x4, Queen  
  98  9:41  Zergling x4, Infestor  
  98  9:42  Infestor  
  103  9:57  Drone x5  
  103  9:59  Drone x3  
  111  10:36  Zerg Melee Weapons Level 2  
  111  10:38  Baneling x12  
  111  10:46  Zergling x6  
  111  10:47  Zergling x30  
  129  11:03  Hatchery x2  
  127  11:10  Spire  
  126  11:23  Zergling x2  
  126  11:24  Zergling x28  
  141  11:55  Zergling x6  
  141  11:56  Zergling x12  
  141  11:59  Overlord x4  
  150  12:21  Zergling x4  
  150  12:25  Baneling  
  150  12:26  Baneling x9  
  142  12:48  Zergling x22  
  142  12:49  Zergling x24  
  111  13:05  Zergling x8  
  111  13:06  Zergling x6  
  107  13:35  Infestor x2  
  107  13:36  Zergling x2, Infestor x3  
  107  13:37  Zergling x20  
  122  14:13  Hatchery  
  121  14:21  Hive  
  121  14:22  Hatchery  
  121  14:23  Infestor  
  121  14:24  Infestor x2  
  121  14:25  Zergling x28  
  121  14:28  Hatchery  
  139  14:32  Hatchery  
  138  14:49  Baneling  
  90  14:50  Baneling x11  
  138  14:54  Zergling x18  
  138  14:55  Zergling x8  
  151  15:15  Zergling x12  
  151  15:18  Zerg Ground Armor Level 2  
  105  16:11  Zergling x12  
  105  16:12  Zergling x44  
  105  16:13  Zergling x8  
  131  16:43  Zerg Melee Weapons Level 3  
  131  16:46  Overseer  
  131  17:05  Baneling x10  
  131  17:13  Zergling x16  
  131  17:14  Zergling x36  
  156  17:36  Zergling x26  
  146  17:53  Adrenal Overload  
  130  18:03  Corruptor  
  130  18:04  Corruptor x4  
  131  18:41  Zergling x2, Infestor  
  131  18:42  Zergling x42  
  155  19:13  Baneling x9  
  155  19:26  Extractor  
  155  19:27  Extractor  
  153  19:33  Drone x3  
  156  19:52  Zerg Ground Armor Level 3  
  156  19:55  Corruptor  
  156  19:56  Corruptor x2  
  156  19:59  Zergling x32  
  178  20:00  Zergling x16  
  134  21:04  Zergling x36  
  134  21:05  Zergling x32  
  156  21:32  Infestor x3  
  156  21:33  Infestor x3  
  166  22:35  Corruptor x4  
  166  22:36  Corruptor x2  
  166  22:37  Zerg Flyer Armor Level 1  
  178  22:43  Neural Parasite  
  178  22:45  Infestor x5  
  185  24:13  Burrow  
  185  24:36  Baneling x10  
  185  24:37  Baneling x6  
  185  24:38  Baneling x11  
  136  25:34  Zergling x2  
  136  25:35  Zergling x40  
  136  25:36  Zergling x20  
Tags
 
League
Diamond
Matchup
Co-op
Replay Pack
Myownreplay2
Add a new tag
Caveats
  • Supply blocks, unpowered buildings, or Contaminate may cause inaccurate times.
  • Supply counts are checked every 10 seconds.